 Dungeon Crawl Stone Soup version 0.17-a0-1-g1f4be75 (console) character file.

938 Fusha the Chiller (level 7, -6/46 HPs)
             Began as a Vampire Ice Elementalist on Mar 8, 2015.
             Killed from afar by Fusha's ghost (11 damage)
             ... with a blast of rock fragments
             ... on level 5 of the Dungeon.
             The game lasted 00:21:00 (5436 turns).

Fusha the Chiller (Vampire Ice Elementalist)        Turns: 5436, Time: 00:21:00

Health: -6/46      AC:  5    Str: 10    XL:     7   Next: 87%
Magic:  17/19      EV: 13    Int: 19    God:
Gold:   166        SH:  0    Dex: 14    Spells: 5 memorised, 3 levels left

rFire  x . .     SeeInvis +     m - +1 dagger (elec)
rCold  + + .     Clarity  .     a - +0 robe
rNeg   + + .     SustAb   .     (no shield)
rPois  +         Gourm    .     (no helmet)
rElec  .         Spirit   .     (no cloak)
rCorr  +         Warding  .     (no gloves)
rMut   .         Stasis   .     j - +2 pair of boots
MR     .....                    A - amulet of resist corrosion
Stlth  +++.......               r - ring of ice
                                n - +3 ring of strength

@: regenerating slowly, not resistant to hostile enchantments, fairly stealthy
A: bottle blood, fangs 3, see invisible, unbreathing
a: Bat Form


You were on level 5 of the Dungeon.
You were thirsty.

You visited 1 branch of the dungeon, and saw 5 of its levels.

You collected 166 gold pieces.

Inventory:

Hand weapons
 m - a +1 dagger of electrocution (weapon)
Armour
 a - a +0 robe (worn)
 j - a +2 pair of boots (worn)
Jewellery
 d - an uncursed ring of poison resistance
 n - a +3 ring of strength (left hand)
 r - a ring of ice (right hand)
 y - a cursed ring of ice
 A - an amulet of resist corrosion (around neck)
Magical devices
 l - a wand of polymorph (0)
 v - a wand of fireball (5)
Scrolls
 e - a scroll of fog {unknown}
 f - a scroll of immolation {unknown}
 i - a scroll of recharging {unknown}
 o - 3 scrolls of teleportation
 t - 2 scrolls of remove curse
 u - 3 scrolls of amnesia
 x - a scroll of noise {unknown}
Potions
 c - a potion of curing {unknown}
 g - a potion of resistance {unknown}
 h - a potion of restore abilities {unknown}
 k - a potion of beneficial mutation {unknown}
 p - 3 potions of might {unknown}
 s - a potion of ambrosia {unknown}
 w - 2 potions of magic
 z - a potion of flight
Books
 b - a book of Frost

   Spells                             Type                      Level
   a - Freeze                         Ice                          1
   b - Throw Frost                    Conjuration/Ice              2
   c - Ozocubu's Armour               Charms/Ice                   3
   d - Throw Icicle                   Conjuration/Ice              4
   e - Summon Ice Beast               Ice/Summoning                4
   f - Condensation Shield            Ice                          4


   Skills:
 + Level 0.1 Fighting
 + Level 0.4 Short Blades
 + Level 3.2 Dodging
 + Level 4.7 Stealth
 + Level 5.8 Spellcasting
 + Level 1.5 Conjurations
 + Level 0.2 Charms
 + Level 6.1 Ice Magic


You had 3 spell levels left.
You knew the following spells:

 Your Spells              Type           Power        Failure   Level  Hunger
a - Freeze                Ice            ####         1%          1    None
b - Throw Frost           Conj/Ice       ####..       4%          2    None
c - Ozocubu's Armour      Chrm/Ice       ####....     12%         3    ##.....
d - Condensation Shield   Ice            #####.....   12%         4    ####...
e - Summon Ice Beast      Ice/Summ       ####....     34%         4    ####...


Dungeon Overview and Level Annotations

Branches:
Dungeon (5/15)
 Temple: D:4-7

Altars:
Trog

Shops:
D:4 (

Annotations:
D:5 Fusha's ghost, experienced DDEE


Innate Abilities, Weirdness & Mutations

You heal slowly.
You can bottle blood from corpses.
You have razor-sharp teeth.
You have supernaturally acute eyesight.
You can survive without breathing.


Message History

Here: Fusha's ghost, wielding a vampiric weapon A bat corpse.
The floor.
Unknown command.
Fusha's ghost gestures at you while chanting.
The rocky blast hits you!
Fusha's ghost gestures next to you while chanting.
The wall shatters!
The blast of rock fragments hits you!
Ouch! That really hurt!
Fusha's ghost points next to you and mumbles some strange words.
The wall shatters!
The blast of rock fragments hits you!
* * * LOW HITPOINT WARNING * * *
You hear a distant slurping noise.
Drink which item? (? for menu, Esc to quit)
Okay, then.
Read which item? (? for menu, Esc to quit)
Okay, then.
Fusha's ghost points next to you and mumbles some strange words.
The wall shatters!
The blast of rock fragments hits you!
You die...

#.#######.......#
#...W...#.......#
###.###.#.......#
## #W#.......#
#.#.......#
#.#####.### #.#
#.# #.#####.#
#.@.....#
#########


You could see Fusha's ghost.

Vanquished Creatures
  Grinder (D:3)
  2 sky beasts (D:4)
  An ogre (D:4)
  A scorpion (D:5)
  2 hounds (D:4)
  4 worker ants
  Natasha (thrice) (D:3)
  An orc wizard (D:5)
  Ijyb (D:1)
  Terence (D:3)
  7 adders
  A giant mite (D:4)
  A worm (D:4)
  3 giant geckos
  2 orcs
  2 ball pythons
  A bat skeleton (D:5)
  2 giant cockroaches (D:2)
  11 hobgoblins
  17 jackals
  2 quokkas
  12 bats
  3 giant newts
  9 goblins
  A jackal skeleton (D:4)
  9 kobolds
  9 rats
109 creatures vanquished.

Notes
Turn   | Place    | Note
--------------------------------------------------------------
     0 | D:1      | Fusha, the Vampire Ice Elementalist, began the quest for the Orb.
     0 | D:1      | Reached XP level 1. HP: 13/13 MP: 3/3
   390 | D:1      | Reached XP level 2. HP: 17/19 MP: 2/4
   405 | D:1      | Learned a level 2 spell: Throw Frost
  1024 | D:2      | Found a bloodstained altar of Trog.
  1025 | D:2      | Noticed Ijyb
  1193 | D:1      | Killed Ijyb
  1193 | D:1      | Reached XP level 3. HP: 8/24 MP: 0/6
  1887 | D:2      | Reached XP level 4. HP: 26/30 MP: 5/9
  2060 | D:2      | Reached skill level 4 in Ice Magic
  2540 | D:3      | Learned a level 3 spell: Ozocubu's Armour
  2642 | D:3      | Noticed Terence
  2679 | D:3      | Killed Terence
  2827 | D:3      | Noticed Grinder
  2837 | D:3      | Paralysed by Grinder for 2 turns
  2840 | D:3      | Killed Grinder
  2840 | D:3      | Reached skill level 1 in Conjurations
  2840 | D:3      | Reached XP level 5. HP: 18/35 MP: 9/13
  2840 | D:3      | Reached XP level 6. HP: 21/41 MP: 10/15
  3190 | D:3      | Reached skill level 5 in Ice Magic
  3486 | D:3      | Noticed Natasha
  3493 | D:3      | Killed Natasha
  3556 | D:3      | Noticed Natasha
  3562 | D:3      | Killed Natasha
  3605 | D:3      | Noticed Natasha
  3609 | D:3      | Killed Natasha
  4081 | D:4      | Reached XP level 7. HP: 38/46 MP: 2/18
  4224 | D:4      | Reached skill level 5 in Spellcasting
  4237 | D:4      | Learned a level 4 spell: Condensation Shield
  4314 | D:4      | Found a bloodstained altar of Trog.
  4507 | D:4      | Found Strudok's Weapon Shop.
  4893 | D:5      | Entered Level 5 of the Dungeon
  4946 | D:5      | Reached skill level 6 in Ice Magic
  4956 | D:5      | Learned a level 4 spell: Summon Ice Beast
  5417 | D:5      | Noticed Fusha's ghost (experienced DDEE)
  5436 | D:5      | Killed from afar by Fusha's ghost

Action                   |  1- 3 |  4- 6 |  7- 9 || total
-------------------------+-------+-------+-------++-------
Melee: Unarmed           |    21 |       |       ||    21
       Dagger            |       |    13 |    14 ||    27
 Cast: Freeze            |    61 |    50 |    37 ||   148
       Throw Frost       |     3 |    30 |    40 ||    73
       Ozocubu's Armour  |       |     1 |       ||     1
  Use: Scroll            |       |       |     7 ||     7
 Stab: Sleeping          |       |     2 |     5 ||     7
  Eat: Corpse            |     2 |     3 |     2 ||     7
